 Dungeon Crawl Stone Soup version 0.17-a0-1519-g2001520 (webtiles) character file.

3630 MackTheKnife the Spear-Bearer (level 10, -16/80 HPs)
             Began as a Merfolk Skald on July 13, 2015.
             Was a Believer of Okawaru.
             Blown up by an orc wizard (20 damage)
             ... with a wand of disintegration
             ... on level 9 of the Dungeon.
             The game lasted 00:23:58 (12429 turns).

MackTheKnife the Spear-Bearer (Merfolk Skald)      Turns: 12429, Time: 00:23:58

Health: -16/80     AC:  7    Str: 13    XL:     10   Next: 11%
Magic:  14/14      EV: 18    Int: 11    God:    Okawaru [**....]
Gold:   460        SH:  0    Dex: 17    Spells: 3 memorised, 7 levels left

rFire  . . .     SeeInvis .     a - +0 halberd
rCold  . . .     Clarity  .     N - +0 leather armour
rNeg   . . .     SustAt   .     (no shield)
rPois  .         Gourm    .     F - +2 hat
rElec  .         Spirit   .     B - +0 cloak
rCorr  .         Warding  .     (no gloves)
rMut   .         Stasis   .     u - +0 pair of boots
MR     .....                    (no amulet)
Stlth  +.........               (no ring)
                                (no ring)

@: not resistant to hostile enchantments, very unstealthy
A: change form in water, swift swim
a: Heroism, Renounce Religion


You were on level 9 of the Dungeon.
You worshipped Okawaru.
Okawaru was pleased with you.
You were hungry.

You visited 2 branches of the dungeon, and saw 10 of its levels.

You collected 460 gold pieces.

Inventory:

Hand weapons
 a - a +0 halberd (weapon)
   (You took it off an orc warrior on level 6 of the Dungeon)
 b - a +0 blowgun
   (You took it off a kobold on level 8 of the Dungeon)
Missiles
 v - 6 curare-tipped needles
 L - 15 poisoned needles
Armour
 e - a +0 buckler
   (You found it on level 1 of the Dungeon)
 u - a +0 pair of boots (worn)
   (You found it on level 2 of the Dungeon)
 B - a +0 cloak (worn)
   (You found it on level 4 of the Dungeon)
 F - a +2 hat (worn)
   (You found it on level 3 of the Dungeon)
 N - a +0 leather armour (worn)
   (You took it off Joseph on level 8 of the Dungeon)
Magical devices
 m - a wand of fireball (9)
   (You found it on level 7 of the Dungeon)
 q - a wand of flame (38)
   (You found it on level 4 of the Dungeon)
Scrolls
 j - 4 scrolls of enchant armour
 l - 2 scrolls of magic mapping {!r}
 n - a scroll of remove curse
 w - 3 scrolls of amnesia
 y - 2 scrolls of recharging
 z - a scroll of identify
 G - a scroll of teleportation
 J - a scroll of enchant weapon {unknown}
Potions
 g - 2 potions of flight
 p - 2 potions of resistance
 r - 2 potions of lignification {!q}
 s - 4 potions of might
 t - a potion of heal wounds
 x - a potion of brilliance {unknown}
 A - a potion of agility
 C - 2 potions of magic
 D - a potion of cancellation
 E - 2 potions of curing
 H - a potion of poison {unknown}
 K - a potion of ambrosia {unknown}
Books
 c - a book of Battle
 i - a book of Cantrips
   (You found it on level 7 of the Dungeon)
 o - a book of Clouds
   (You found it on level 2 of the Dungeon)
Comestibles
 d - 2 bread rations {@e1}
 f - 2 beef jerkies
 k - 4 fruits
 I - 3 chunks of flesh {@w0}
 M - a meat ration {@e2}


   Skills:
 - Level 7.8 Fighting
 - Level 13.1 Polearms
 - Level 0.6 Armour
 - Level 9.1 Dodging
 + Level 2.9 Spellcasting
 + Level 2.2 Hexes
 + Level 4.2 Charms


You had 7 spell levels left.
You knew the following spells:

 Your Spells              Type           Power        Failure   Level  Hunger
a - Infusion              Chrm           ##....       8%          1    #......
r - Regeneration          Chrm/Necr      #.........   50%         3    ###....
z - Spectral Weapon       Hex/Chrm       #.......     34%         3    ###....


Dungeon Overview and Level Annotations

Branches:
Dungeon (9/15)             Temple (1/1) D:5             Orc (0/4) D:9
   Lair: D:8-11

Altars:
Ashenzari
Cheibriados
Dithmenos
Elyvilon
Fedhas
Nemelex Xobeh
Okawaru
Qazlal
Ru
Sif Muna
Trog
Vehumet
Xom
Zin
The Shining One

Shops:
D:9 }

Annotations:
D:4 exclusion: statue
D:5 Prince Ribbit


Message History

You drop a +0 ring mail.
Okay, then.
(D) Dungeon (T) Temple (O) Orcish Mines
Where to? (Enter - D:8 @ (x,y), ? - help)
What level of the Dungeon? (default 1, ? - help)
There is a stone staircase leading down here.
You climb downwards.
There is a stone staircase leading up here.
You regained 2 hp, and now have 75/80 hp.
You open the door.
There is an open door here.
As you open the door, it creaks loudly! 2 orcs come into view.
The orc shouts! x2
The orc throws a stone.
The stone hits you but does no damage.
There are monsters nearby!
Health restored: 80
There are monsters nearby!
An orc wizard comes into view. It is wielding a dagger.
The orc closely misses you.
The orc wizard moves out of view.
You barely miss the orc.
The orc throws a stone.
The stone misses you.
You barely miss the orc.
You are feeling hungry.
The orc barely misses you.
The orc wizard mumbles some strange words.
The orc wizard flickers and vanishes!
Deactivating autopickup; reactivate with Ctrl-A.
You slash the orc!
You kill the orc!
Okawaru accepts your kill.
The orc throws a stone.
The stone hits you but does no damage.
Attack whom?
Aim: an orc, wielding a dagger of holy wrath and wearing a chain mail You reach to attack!
You hit the orc.
You kill the orc!
Okawaru accepts your kill.
No target in view!
No target in view!
No target in view!
A puff of flame appears from out of thin air!
The puff of flame hits you!
There is an open door here.
You take 5 damage, and have 75/80 hp.
A puff of frost appears from out of thin air!
The puff of frost hits you!
Items here: ( ) [ † a dagger of holy wrath; 15 stones; a chain mail; an orc corpse You take 2 damage, and have 73/80 hp.
You hear a zap.
You are blasted!
You take 10 damage, and have 63/80 hp.
Something hits you but does no damage. Something hits you but does no damage.
You hear a zap.
Something tries to affect you, but you resist.
You hear a zap.
You are blasted!
You take 21 damage, and have 43/80 hp.
MASSIVE DAMAGE!!
You hear some strange, mumbled words.
A puff of frost appears from out of thin air!
The puff of frost hits you!
You hear a zap.
You are blasted!
There is an open door here.
You take 9 damage, and have 35/80 hp.
You see here a stone.
You close the door.
Something unseen opens the door.
You close the door.
Something unseen opens the door.
Something is blocking the doorway!
You hear some strange, mumbled words.
A puff of frost appears from out of thin air!
The puff of frost misses you.
Something is blocking the doorway!
You hear some strange, mumbled words.
A puff of flame appears from out of thin air!
The puff of flame misses you.
You hit something but do no damage. Something barely misses you.
Something hits you but does no damage.
You miss something.
An orc wizard appears from thin air!
Reactivating autopickup.
The orc wizard zaps a wand.
You are blasted!
It is a wand of disintegration.
You take 3 damage, and have 34/80 hp.
You hit the orc wizard but do no damage.
The orc wizard zaps a wand.
You are blasted!
* * * LOW HITPOINT WARNING * * *
You take 11 damage, and have 23/80 hp.
Unknown command.
Unknown command.
You miss the orc wizard.
The orc wizard zaps a wand.
You are blasted!
* * * LOW HITPOINT WARNING * * *
The orc wizard zaps a wand.
You are blasted!
You die...

##'##......#.....#...............
....#......#.....#####+###'#.....
....#......#.....##........#.....
....#......#...............######
....#......#................#....
....#......'................#....
....#......#(....(..........#....
....#......#................#....
#####......#....@######'#########
#......#....(o)....>....#####
########.....#..........#....
#######..........'.)..
#..........#.... #..........#....
#..........#.... #..........'....
#..........#....


You could see an orc wizard.

Vanquished Creatures
  Joseph (D:8)
  A warg (D:9)
  4 orc warriors
  2 black bears
  A sky beast (D:8)
  3 slaves (D:6)
  An ice beast (D:5)
  5 ogres
  6 centaurs
  The ghost of kasmir the Chiller, an average GrIE (D:3)
  A big kobold (D:7)
  4 scorpions
  A jelly (D:6)
  4 crimson imps
  6 hounds
  A centaur zombie (D:8)
  3 orc priests
  6 orc wizards
  5 worker ants
  Jessica (D:3)
  A killer bee zombie (D:5)
  A hound zombie (D:6)
  A hound skeleton (D:4)
  4 gnolls (D:5)
  11 adders
  2 shadow imps (D:6)
  An adder skeleton (D:5)
  4 worms
  6 giant geckos
  47 orcs
  A bat zombie (D:6)
  9 giant cockroaches
  13 goblins
  10 hobgoblins
  19 jackals
  3 quokkas
  4 ball pythons
  21 bats
  8 giant newts
  A jackal skeleton (D:4)
  17 kobolds
  A quokka skeleton (D:6)
  14 rats
256 creatures vanquished.

Vanquished Creatures (others)
  9 toadstools (D:3)
9 creatures vanquished.

Grand Total: 265 creatures vanquished

Notes
Turn   | Place    | Note
--------------------------------------------------------------
     0 | D:1      | MackTheKnife the Merfolk Skald began the quest for the Orb.
     0 | D:1      | Reached XP level 1. HP: 16/16 MP: 3/3
   196 | D:1      | Reached skill level 4 in Polearms
   196 | D:1      | Reached XP level 2. HP: 12/22 MP: 5/5
   218 | D:1      | HP: 5/22 [bat (1)]
   713 | D:1      | Reached XP level 3. HP: 23/27 MP: 0/6
   721 | D:1      | Reached skill level 5 in Polearms
  1030 | D:2      | Found a white marble altar of Elyvilon.
  1329 | D:2      | Reached skill level 6 in Polearms
  1329 | D:2      | Reached XP level 4. HP: 31/33 MP: 7/7
  1736 | D:2      | Found a bloodstained altar of Trog.
  1899 | D:2      | Found a shadowy altar of Dithmenos.
  1899 | D:2      | Found a blossoming altar of Fedhas.
  2030 | D:3      | Noticed kasmir's ghost (average GrIE)
  2489 | D:3      | Found a blossoming altar of Fedhas.
  2913 | D:3      | Reached skill level 7 in Polearms
  3059 | D:4      | Reached skill level 8 in Polearms
  3059 | D:4      | Reached XP level 5. HP: 21/38 MP: 8/8
  3656 | D:4      | Reached skill level 9 in Polearms
  3656 | D:4      | Reached XP level 6. HP: 28/44 MP: 2/9
  3870 | D:4      | Found a radiant altar of Vehumet.
  3870 | D:4      | Noticed a frost-covered statue
  3904 | D:4      | Reached skill level 2 in Dodging
  3946 | D:5      | Entered Level 5 of the Dungeon
  4051 | D:5      | Reached skill level 3 in Fighting
  4223 | D:5      | HP: 4/47 [orc priest/divine providence (8)]
  4417 | D:4      | Reached skill level 3 in Dodging
  4555 | D:4      | Reached XP level 7. HP: 47/52 MP: 10/10
  4858 | D:3      | Killed kasmir's ghost
  4858 | D:3      | Reached skill level 4 in Fighting
  5089 | D:3      | Reached skill level 4 in Dodging
  5121 | D:3      | Noticed Jessica
  5158 | D:3      | Killed Jessica
  6123 | D:5      | Reached skill level 5 in Dodging
  6247 | D:5      | Reached skill level 5 in Fighting
  6255 | D:5      | Reached XP level 8. HP: 19/62 MP: 11/11
  6480 | D:5      | Noticed an angel
  6481 | D:5      | Found a shimmering altar of Xom.
  6481 | D:5      | Found a glowing silver altar of Zin.
  6509 | D:5      | Reached skill level 6 in Dodging
  6580 | D:5      | Found a sparkling altar of Nemelex Xobeh.
  6589 | D:5      | Found a staircase to the Ecumenical Temple.
  6609 | Temple   | Entered the Ecumenical Temple
  6624 | Temple   | Became a worshipper of Warmaster Okawaru
  7501 | D:6      | Learned a level 3 spell: Spectral Weapon
  7505 | D:6      | Learned a level 3 spell: Regeneration
  7634 | D:6      | Noticed Prince Ribbit
  8029 | D:6      | HP: 16/64 [acid (5)]
  8292 | D:6      | Reached skill level 1 in Hexes
  8829 | D:6      | Reached skill level 2 in Hexes
  8829 | D:6      | Reached skill level 4 in Charms
  9664 | D:6      | Reached skill level 10 in Polearms
  9828 | D:7      | Reached XP level 9. HP: 69/69 MP: 13/13
  9833 | D:7      | Reached skill level 11 in Polearms
  9914 | D:7      | Acquired Okawaru's first power
 10275 | D:7      | Reached skill level 12 in Polearms
 10930 | D:8      | Reached skill level 13 in Polearms
 10963 | D:8      | Noticed Joseph
 10981 | D:8      | HP: 14/69 [Joseph/uncursed quarterstaff (12)]
 10989 | D:8      | Killed Joseph
 10989 | D:8      | Reached skill level 6 in Fighting
 10989 | D:8      | Reached skill level 7 in Dodging
 11430 | D:8      | Reached skill level 7 in Fighting
 11430 | D:8      | Reached skill level 8 in Dodging
 11826 | D:9      | Reached XP level 10. HP: 59/79 MP: 14/14
 11858 | D:9      | Reached skill level 9 in Dodging
 11990 | D:9      | Found a staircase to the Orcish Mines.
 12248 | D:9      | Found Bataig's Gadget Emporium.
 12429 | D:9      | HP: 4/80 [disintegration (19)]
 12429 | D:9      | Blown up by an orc wizard

Vault maps used:
D:1:      scummos_arrival_checkerplants
D:2:      elyvilon_altar_4, bloody_trog, amethyst_overflow_temple_binary,
          first_bread, minmay_misc_feat_rows
D:3:      minivault_4, minmay_misc_feat_doors, tgw_fedhas, uniq_jessica
D:4:      vehumet_statue
D:5:      grunt_temple_overflow_order_and_chaos_1,
          minmay_temple_entry_junction2, nemelex_diamond_rough_becter
D:6:      uniq_pikel, uniq_prince_ribbit1
D:8:      uniq_joseph
D:9:      david_orc_3, serial_shops, shop, uniq_psyche
Temple:   circular_temple_12

Action                   |  1- 3 |  4- 6 |  7- 9 | 10-12 || total
-------------------------+-------+-------+-------+-------++-------
Melee: Spear             |   158 |   386 |   788 |       ||  1332
       Halberd           |       |       |   293 |    54 ||   347
 Cast: Infusion          |     1 |     7 |     9 |       ||    17
Evoke: Wand              |       |       |     4 |       ||     4
  Use: Potion            |       |     3 |     4 |       ||     7
       Scroll            |       |       |    18 |       ||    18
 Stab: Fleeing           |       |       |     1 |       ||     1
  Eat: Chunk             |     1 |    10 |    18 |     2 ||    31
       Beef jerky        |       |       |     2 |       ||     2
       Bread ration      |       |       |     1 |       ||     1

Vault maps used:
D:1:      scummos_arrival_checkerplants
D:2:      elyvilon_altar_4, bloody_trog, amethyst_overflow_temple_binary,
          first_bread, minmay_misc_feat_rows
D:3:      minivault_4, minmay_misc_feat_doors, tgw_fedhas, uniq_jessica
D:4:      vehumet_statue
D:5:      grunt_temple_overflow_order_and_chaos_1,
          minmay_temple_entry_junction2, nemelex_diamond_rough_becter
D:6:      uniq_pikel, uniq_prince_ribbit1
D:8:      uniq_joseph
D:9:      david_orc_3, serial_shops, shop, uniq_psyche
Temple:   circular_temple_12

Table legend:
 A = Turns spent in this place as a percentage of turns spent in the entire game.
 B = Non-inter-level travel turns spent in this place as a percentage of non-inter-level travel turns spent in the entire game.
 C = Inter-level travel turns spent in this place as a percentage of turns spent in this place.
 D = Turns resting spent in this place as a percentage of non-inter-level travel turns spent in this place.
 E = Turns spent auto-exploring this place as a percentage of non-inter-level travel turns spent in this place.
 F = Non-inter-level travel turns spent in this place divided by the number of levels of this place that you've seen.
                   A       B       C       D       E      F
               +-------+-------+-------+-------+-------+----------------------
         Total | 100.0 | 100.0 |   0.6 |   4.0 |   6.8 | 375.7
       Dungeon |  99.5 |  99.5 |   0.6 |   4.0 |   6.9 | 415.6
        Temple |   0.5 |   0.5 |   5.6 |   0.0 |   0.0 |  17.0
               +-------+-------+-------+-------+-------+----------------------

Table legend:
 A = Kills in this place as a percentage of kills in entire the game.
 B = Kills by you in this place as a percentage of kills by you in the entire game.
 C = Kills by friends in this place as a percentage of kills by friends in the entire game.
 D = Other kills in this place as a percentage of other kills in the entire game.
 E = Experience gained in this place as a percentage of experience gained in the entire game.
 F = Experience gained in this place divided by the number of levels of this place that you have seen.
                   A       B       C       D       E      F
               +-------+-------+-------+-------+-------+----------------------
         Total | 100.0 | 100.0 |  -nan |  -nan | 100.0 | 518.6
       Dungeon | 100.0 | 100.0 |  -nan |  -nan | 100.0 | 576.2
               +-------+-------+-------+-------+-------+----------------------
